 Dungeon Crawl Stone Soup version 0.17-a0-1987-gaf5a542 (webtiles) character file.

407 tp1 the Covered (level 6, -8/55 HPs)
             Began as a Gargoyle Berserker on Oct 6, 2015.
             Was a Priest of Trog.
             Killed by divine providence
             ... invoked by an orc priest
              (13 damage)
             ... on level 4 of the Dungeon.
             The game lasted 00:15:07 (3299 turns).

tp1 the Covered (Gargoyle Berserker)                Turns: 3299, Time: 00:15:09

Health: -8/55      AC: 12    Str: 27    XL:     6   Next: 88%
Magic:  6/6        EV: 11    Int:  8    God:    Trog [***...]
Gold:   167        SH:  0    Dex:  9    Spells: 0 memorised, 5 levels left

rFire  . . .     SeeInvis .     q - +0 flail
rCold  . . .     Clarity  .     m - +0 ring mail (curse)
rNeg   + . .     SustAt   .     (no shield)
rPois  ∞         Gourm    .     j - +0 helmet
rElec  +         Spirit   .     (no cloak)
rCorr  .         Warding  .     (no gloves)
rMut   .         Stasis   .     (no boots)
MR     .....                    (no amulet)
Stlth  ..........               (no ring)
                                (no ring)

@: berserking (expiring), very quick, not resistant to hostile enchantments,
extremely unstealthy
A: negative energy resistance 1, electricity resistance, unbreathing,
petrification resistance, rot immunity, AC +4
a: Burn Spellbooks, Berserk, Trog's Hand, Renounce Religion


You were on level 4 of the Dungeon.
You worshipped Trog.
Trog was most pleased with you.
You were hungry.

You visited 1 branch of the dungeon, and saw 4 of its levels.

You collected 167 gold pieces.

Inventory:

Hand Weapons
 a - a +0 hand axe
 i - a +0 hand axe
 q - a +0 flail (weapon)
Armour
 b - a +0 animal skin
 h - a +0 ring mail
 j - a +0 helmet (worn)
 m - a cursed +0 ring mail (worn)
Wands
 x - a wand of enslavement (9)
Scrolls
 k - a scroll of amnesia
 l - a scroll of random uselessness
 p - a scroll of magic mapping {unknown}
 s - a scroll of fear
 w - 2 scrolls of remove curse {unknown}
 y - 2 scrolls of identify
Potions
 d - a potion of cancellation {unknown}
 e - 4 potions of curing {unknown}
 g - a potion of mutation {unknown}
 n - a potion of lignification {unknown}
 o - 2 potions of haste {unknown}
 r - a potion of brilliance {unknown}
 t - a potion of might {unknown}
 u - a potion of heal wounds {unknown}
 v - a potion of ambrosia {unknown}
 z - a potion of flight {unknown}
Comestibles
 c - 2 bread rations
 f - 3 meat rations


   Skills:
 - Level 3.4 Fighting
 + Level 3.5(4.0) Axes
 + Level 2.8(3.8) Maces & Flails
 + Level 6.3 Armour
 - Level 1.6 Dodging


You had 5 spell levels left.
You didn't know any spells.

Dungeon Overview and Level Annotations

Branches:
Dungeon (4/15)
 Temple: D:4-7

Altars:
Dithmenos

Annotations:
D:1 exclusion: downstairs


Innate Abilities, Weirdness & Mutations

You are resistant to torment.
Your stone body is resilient (AC +4).
You are immune to poison.
You resist negative energy.
You are resistant to electric shocks.
You can survive without breathing.
You are immune to petrification.
You are immune to rotting.


Message History

The orc barely misses you.
Use which ability?
A red film seems to cover your vision as you go berserk!
You feel yourself moving faster!
You feel mighty!
You are feeling hungry.
The adder barely misses you. The adder bites you but does no damage.
You barely miss the adder. The adder bites you but does no damage.
You closely miss the adder. The adder barely misses you.
You barely miss the adder. The adder bites you but does no damage.
You barely miss the adder. The adder bites you but does no damage.
You are too berserk!
You closely miss the adder. The adder closely misses you.
You bludgeon the adder!!
You kill the adder!
Trog accepts your kill. The orc wizard casts a spell at you.
The puff of flame misses you.
The orc priest mumbles some strange prayers to Beogh against you.
Something smites you!
You die...

# #.# ##.#######.
#####.# #.......[..
...##.# ###
##.###...## ##.##.#
..# #.###...## #.##.#
#.# ######.#.......
#.##.# #.#
##......).......
#.##.#
#.####.......#.......
#)...#
#.##....########..÷##
#.#.## ###.##@...##
####...## #.#.#
#..oo..)...#
#........ #.#.#
#.#.o#.....#
#.###...# #.#.#
#.#$.#.#.#.# #. ###.#
#.#.# # #..#.###.# #.
.# #.#.# #....# .# #.
.# #.#.# #..### .# #.
.# #..# #. .# #..# #.
.#


You could see an orc priest, an orc wizard and an orc.

Vanquished Creatures
  Sigmund (D:3)
  An ogre (D:4)
  2 orc wizards (D:3)
  4 adders
  An ooze (D:2)
  2 worms
  4 giant geckos
  3 orcs
  9 bats
  3 giant cockroaches
  8 hobgoblins
  7 kobolds
  11 giant newts
  11 goblins
  A quokka (D:3)
  9 rats
77 creatures vanquished.

Notes
Turn   | Place    | Note
--------------------------------------------------------------
     0 | D:1      | tp1 the Gargoyle Berserker began the quest for the Orb.
     0 | D:1      | Reached XP level 1. HP: 14/14 MP: 1/1
   167 | D:1      | Reached XP level 2. HP: 8/19 MP: 2/2
   604 | D:1      | Acquired Trog's second power
   607 | D:1      | Reached XP level 3. HP: 6/23 MP: 3/3
  1875 | D:2      | Reached skill level 4 in Armour
  1875 | D:2      | Reached XP level 4. HP: 24/28 MP: 4/4
  2169 | D:3      | Noticed Sigmund
  2182 | D:3      | Killed Sigmund
  2182 | D:3      | Reached skill level 1 in Maces & Flails
  2182 | D:3      | Reached skill level 5 in Armour
  2182 | D:3      | Reached XP level 5. HP: 32/32 MP: 5/5
  2182 | D:3      | Reached XP level 6. HP: 37/37 MP: 6/6
  2393 | D:3      | Found a shadowy altar of Dithmenos.
  2969 | D:4      | Reached skill level 6 in Armour
  3299 | D:4      | Killed from afar by an orc priest

Vault maps used:
D:1:      matt_arrival_refuge
D:2:      wad_pebble_path, kennysheep_generic_room_9
D:3:      lemuel_doored_altar, uniq_sigmund

Action                   |  1- 3 |  4- 6 || total
-------------------------+-------+-------++-------
Melee: Hand axe          |   134 |       ||   134
       Flail             |    33 |   137 ||   170
       Scythe            |       |     3 ||     3
Invok: Berserk           |       |     3 ||     3
       Trog's Hand       |       |     1 ||     1
  Use: Scroll            |     2 |     2 ||     4
  Eat: Chunk             |     3 |     7 ||    10
